 Dungeon Crawl Stone Soup version 0.27-a0-1232-gc6a4cbde82 (webtiles) character file.

Game seed: 14692856320479163378

107258 robertstho the Eclecticist (level 17, -2/103 HPs)
             Began as a Djinni Fire Elementalist on June 8, 2021.
             Was an Initiate of Gozag.
             Slain by a bog body (4 damage)
             ... on level 2 of the Swamp.
             The game lasted 01:02:03 (25528 turns).

robertstho the Eclecticist (DjFE)                  Turns: 25528, Time: 01:02:03

Health: -2/103     AC: 12    Str:  7    XL:     17   Next: 1%
Gold:   5685       EV: 15    Int: 32    God:    Gozag SH:  0 Dex: 19

rFire    + + +     SeeInvis .   i - +6 glaive of Tilidwai {spect, Fragile rElec rPois rC+ Int+3}
rCold    x . .     Faith    .   (shield currently unavailable)
rNeg     + . .     Spirit   .   T - +2 troll leather armour
rPois    ∞         Reflect  .   P - +1 helmet "Wiaq Yle" {rElec Int-2 Dex+9}
rElec    +         Harm     .   R - +2 cloak {rPois}
rCorr    .         Rampage  .   (no gloves)
Will     +....                  (boots unavailable)
Stlth    ++++......             v - amulet "Ataur" {rN+ Regen+ Dex-3 Stlth+}
HPRegen  2.27/turn              q - ring of fire
MPRegen  0.00/turn              K - +6 ring of intelligence

@: gold aura, flying, slowed, very slow
A: sickness immunity, fire resistance 2, cold vulnerability 1, float, innate
caster, hp casting, extra vitality 1
a: Renounce Religion, Potion Petition, Call Merchant, Bribe Branch


You were on level 2 of the Swamp.
You worshipped Gozag.
Gozag was greatly pleased with you.
You visited 5 branches of the dungeon, and saw 24 of its levels.
You also visited: Ossuary and Gauntlet.

You collected 9048 gold pieces.
You spent 2467 gold pieces at shops.
You paid 896 gold pieces to Gozag.

Inventory:

Hand Weapons
 b - a +3 quarterstaff of draining
 d - a +2 short sword of electrocution
 i - the +6 glaive of Tilidwai (weapon) {spect, Fragile rElec rPois rC+ Int+3}
   (You took it off a necromancer on level 6 of the Lair of Beasts)

   When it strikes, its spirit leaps out and fights alongside the wielder.
   It affects your intelligence (+3).
   It protects you from cold.
   It insulates you from electricity.
   It protects you from poison.
   It will be destroyed if unequipped.
Armour
 u - a +2 helmet of intelligence
 P - the +1 helmet "Wiaq Yle" (worn) {rElec Int-2 Dex+9}
   (You found it on level 12 of the Dungeon)

   It affects your intelligence (-2).
   It affects your dexterity (+9).
   It insulates you from electricity.
 R - a +2 cloak of poison resistance (worn)
 S - a +2 buckler of protection
 T - a +2 troll leather armour (worn)
Jewellery
 a - a ring of see invisible
 h - a +6 ring of dexterity
 q - a ring of fire (left hand)
 v - the amulet "Ataur" (around neck) {rN+ Regen+ Dex-3 Stlth+}
   (You bought it in a shop on level 8 of the Dungeon)

   [amulet of regeneration]

   It affects your dexterity (-3).
   It protects you from negative energy.
   It increases your rate of health regeneration.
   It makes you more stealthy.
 y - a ring of willpower
 F - a ring of resist corrosion
 G - a ring of fire
 K - a +6 ring of intelligence (right hand)
 L - a ring of willpower
Wands
 j - a wand of iceblast (36)
 D - a wand of mindburst (23)
 I - a wand of digging (12)
 X - a wand of acid (9)
Scrolls
 c - 8 scrolls of fog
 n - a scroll of fear
 p - 2 scrolls of silence
 r - 2 scrolls of enchant armour
 s - 5 scrolls of enchant weapon
 t - 8 scrolls of teleportation
 x - 5 scrolls of magic mapping
 M - 3 scrolls of blinking
 N - a scroll of torment
 Q - a scroll of holy word
 V - a scroll of identify
 Y - 2 scrolls of summoning
Potions
 e - 5 potions of mutation
 f - 4 potions of haste
 g - a potion of ambrosia
 k - 13 potions of curing
 l - 3 potions of might
 m - 6 potions of brilliance
 w - 4 potions of cancellation
 z - 2 potions of berserk rage
 A - a potion of resistance
 B - a potion of attraction
 O - a potion of lignification


   Skills:
 + Level 3.8 Fighting
 + Level 2.6 Short Blades
 + Level 0.2(1.9) Polearms
 + Level 3.5 Staves
 + Level 3.8 Armour
 + Level 6.8 Dodging
 + Level 5.3 Stealth
 * Level 19.4 Spellcasting


You had 8 spell levels left.
You knew the following spells:

 Your Spells              Type           Power      Damage    Failure   Level
a - Foxfire               Conj/Fire      100%       2x1d9     0%          1
b - Conjure Flame         Conj/Fire      100%       6-21      0%          3
c - Inner Flame           Hex/Fire       100%       N/A       0%          3
d - Sticky Flame          Conj/Fire      100%       2d11      0%          4
e - Fireball              Conj/Fire      62%        3d24      0%          5
f - Freeze                Ice            100%       1d11      0%          1
g - Blink                 Tloc           N/A        N/A       0%          2
h - Vampiric Draining     Necr           50%        2d13      0%          3
i - Mephitic Cloud        Conj/Pois/Air  100%       N/A       0%          3
j - Leda's Liquefaction   Hex/Erth       50%        N/A       0%          4
k - Hydra Form            Tmut           50%        N/A       0%          5
l - Statue Form           Tmut/Erth      67%        N/A       1%          6
m - Invisibility          Hex            50%        N/A       1%          6
Your spell library was empty.

Dungeon Overview and Level Annotations

Branches:
Dungeon (13/15)            Temple (1/1) D:5            Lair (6/6) D:10
  Swamp (2/4) Lair:3        Snake (0/4) Lair:3        Slime (0/5) Lair:6
    Orc (2/2) D:12            Elf (0/3) Orc:2       Ossuary (visited)
Gauntlet (visited)
 Vaults: D:13-14

Altars:
Ashenzari
Cheibriados
Dithmenos
Fedhas
Gozag
Kikubaaqudgha
Makhleb
Nemelex Xobeh
Okawaru
Qazlal
Sif Muna
Uskayaw
Vehumet
Xom
Yredelemnul
Zin
The Shining One
Beogh
Jiyva

Shops:
D:8 *   Orc:1 !   Orc:2 ?(==   Lair:1 ?

Annotations:
Lair:6 1 runed translucent door, exclusion: obsidian statue
Swamp:2 Donald


Innate Abilities, Weirdness & Mutations

You are immune to sickness and miasma.
You are immune to poison.
Your flesh is very heat resistant. (rF++)
You are vulnerable to cold. (rC-)
You float through the air rather than walking.
You learn spells naturally, not from books.
Your magical power is your life essence.
You have superior vitality. (+4 HP)


Message History

The bog body touches you! The bog body freezes you!!!
You feel a terrible chill!
The bog body gestures at you while chanting.
You feel yourself slow down.
The necrophage is engulfed in a cloud of scalding steam.
You can't go up here!
Unknown command.
You can't go up here!
Unknown command.
Casting: Sticky Flame (safe; 0% risk of failure)
Confirm with . or Enter, or press ? or * to list all spells.
Aiming: Fireball (safe; 0% risk of failure)
Press: ? - help, Shift-Dir - straight line, p - bog body You feel a surge of power!
The fireball explodes!
The fireball engulfs the bog body!
The bog body resists.
The bog body is moderately damaged.
The fireball engulfs the necrophage!!
You destroy the necrophage!
The fireball engulfs the necrophage!!!
You destroy the necrophage!
The bog body burns! x2; The bog body closely misses you. x2
Casting: Fireball (safe; 0% risk of failure)
Confirm with . or Enter, or press ? or * to list all spells.
Aiming: Fireball (safe; 0% risk of failure)
Press: ? - help, Shift-Dir - straight line You feel a surge of power!
The fireball explodes!
The fireball engulfs the bog body!
The bog body resists.
The bog body is heavily damaged.
The fireball engulfs the bog body!
The bog body resists.
The bog body is almost destroyed.
The bog body burns!
You destroy the bog body!
Donald the Adventurer comes into view.
He is wielding a +0 eveningstar.
A bog body comes into view.
The bog body points at you and mumbles some strange words.
The bolt of cold hits you!!!
You feel a terrible chill!
* * * LOW HITPOINT WARNING * * *
The bog body touches you.
You die...
Your body crumbles into a pile of gold.

♣ ♣♣♣♣♣♣♣ ♣
♣♣♣. ♣♣..♣[≈♣.♣
♣≈≈≈.♣≈§≈..≈≈..
≈.≈.....≈§..≈..
.§.≈n.○@$§≈...♣
...≈.≈.n§≈§....
......§.§..§...
.≈≈.....§...≈.≈
♣..≈≈≈n$§.§....
♣...≈....≈≈....
♣♣♣♣.≈♣♣♣≈≈≈≈≈≈
n†. ♣.@...


You could see a ghoul, Donald and 3 bog bodies.

Vanquished Creatures
  Rupert (Lair:4)
  Jorgrun (Swamp:1)
  An orc warlord (Orc:1)
  4 dire elephants (Lair:6)
  2 bunyips
  A minotaur (Gauntlet)
  Snorg (Lair:5)
  A shambling mangrove (Swamp:1)
  A boulder beetle (D:13)
  11 hydras
  A ghost crab (Gauntlet)
  4 ogre magi (Orc:2)
  An alligator (Swamp:2)
  17 two-headed ogres
  2 centaur warriors
  6 death yaks
  A deep elf knight (D:13)
  A spectral dire elephant (Lair:6)
  Urug (D:13)
  Nergalle (Lair:1)
  Sonja (D:12)
  A spectral death yak (Lair:6)
  A swamp dragon (Swamp:1)
  A goliath frog (Swamp:1)
  A spectral anaconda (Lair:6)
  2 spriggan druids
  A bog body (Swamp:2)
  3 deep elf pyromancers (D:13)
  4 necromancers (Lair:6)
  An oklob plant (Lair:2)
  An orc sorcerer (Orc:1)
  2 deep elf zephyrmancers (D:13)
  A manticore (D:10)
  An ugly thing (D:12)
  A worldbinder (Gauntlet)
  2 will-o-the-wisps (Swamp:1)
  5 cyclopes
  13 elephants
  A moth of wrath (Gauntlet)
  A dire elephant skeleton (Lair:6)
  3 black mambas
  15 cane toads
  2 kobold demonologists (D:12)
  15 komodo dragons
  4 rime drakes
  An unseen horror (D:12)
  2 torpor snails
  3 tyrant leeches (Swamp:1)
  A queen bee (D:8)
  5 trolls
  20 blink frogs
  7 hornets (Swamp:1)
  4 polar bears
  A spectral elephant (Lair:6)
  16 dream sheep
  6 spriggans (Swamp:1)
  2 wraiths
  3 wyverns
  Eustachio (D:4)
  5 basilisks
  31 yaks
  2 dire elephant simulacra (Lair:6)
  A steam dragon (D:10)
  Grum (Lair:1)
  3 wargs
  Menkaure (Ossuary)
  A death yak simulacrum (Lair:6)
  5 vampire mosquitoes (Lair:3)
  2 nagas (Lair:3)
  7 swamp worms
  7 spectral cane toads (Lair:6)
  An acid dragon (D:10)
  20 water moccasins
  A swamp drake (Swamp:1)
  12 orc warriors
  A sky beast (D:7)
  3 black bears (D:6)
  2 ice beasts
  30 ogres
  15 wolves
  A boggart (Gauntlet)
  3 elephant zombies (Lair:6)
  8 centaurs
  4 necrophages
  An elephant skeleton (Lair:6)
  2 kobold brigands (D:12)
  13 bullfrogs
  2 scorpions (D:5)
  A cane toad simulacrum (Lair:6)
  2 water moccasin zombies
  2 water moccasin skeletons
  2 elephant simulacra (Lair:6)
  16 killer bees
  8 wights
  5 howler monkeys (D:9)
  An electric eel (Lair:1)
  A bullfrog zombie (D:5)
  8 centaur zombies
  A human zombie (Ossuary)
  2 hounds
  A jelly (D:8)
  13 orc priests
  A centaur skeleton (D:7)
  A gnoll shaman (D:7)
  Jessica (D:3)
  2 iguanas
  17 orc wizards
  2 ogre zombies (Ossuary)
  A hound zombie (D:5)
  A hound skeleton (D:5)
  6 mummies (Ossuary)
  4 adders
  17 gnolls
  A howler monkey skeleton (D:5)
  2 shadow imps
  A white imp (D:8)
  3 adder zombies
  An adder skeleton (D:4)
  2 dart slugs
  54 orcs
  5 ball pythons
  8 bats
  4 endoplasms
  10 hobgoblins
  8 jackals (D:3)
  9 kobolds
  A quokka (D:4)
  2 frilled lizards
  5 goblins
  9 goblin zombies (Ossuary)
  4 hobgoblin zombies (Ossuary)
  A jackal skeleton (D:4)
  An orc zombie (Ossuary)
  A quokka zombie (Ossuary)
  5 rats
  7 rat zombies (Ossuary)
659 creatures vanquished.

Vanquished Creatures (collateral kills)
  A foxfire (D:5)
1 creature vanquished.

Vanquished Creatures (others)
  650 foxfires
  23 fungi
  50 plants
  35 withered plants
758 creatures vanquished.

Grand Total: 1418 creatures vanquished

Notes
Turn   | Place    | Note
-------+----------+-------------------------------------------
     0 | D:1      | robertstho the Djinni Fire Elementalist began the quest for
                  | the Orb.
     0 | D:1      | Reached XP level 1. HP: 15/15 MP: 0/0
   401 | D:1      | Reached XP level 2. HP: 19/21 MP: 0/0
   684 | D:1      | Reached skill level 3 in Spellcasting
   930 | D:1      | Reached XP level 3. HP: 22/25 MP: 0/0
   930 | D:1      | Learned a level 1 spell: Freeze
  1325 | D:1      | Found a faded altar of an unknown god.
  1825 | D:2      | Reached XP level 4. HP: 15/31 MP: 0/0
  3013 | D:3      | Reached skill level 4 in Spellcasting
  3013 | D:3      | Reached XP level 5. HP: 23/35 MP: 0/0
  3013 | D:3      | Learned a level 2 spell: Blink
  3578 | D:3      | Reached XP level 6. HP: 27/41 MP: 0/0
  3914 | D:3      | Noticed Jessica
  3923 | D:3      | Killed Jessica
  4127 | D:4      | Reached skill level 5 in Spellcasting
  4289 | D:4      | Noticed Eustachio
  4303 | D:4      | Killed Eustachio
  4304 | D:4      | Reached XP level 7. HP: 31/46 MP: 0/0
  4304 | D:4      | Learned a level 3 spell: Vampiric Draining
  5448 | D:5      | Entered Level 5 of the Dungeon
  5612 | D:5      | Reached skill level 6 in Spellcasting
  5815 | D:5      | Reached XP level 8. HP: 27/51 MP: 0/0
  5830 | D:5      | Found a sand-covered staircase.
  5835 | Ossuary  | Entered an ossuary
  6396 | Ossuary  | Noticed Menkaure
  6397 | Ossuary  | Killed Menkaure
  6398 | Ossuary  | Reached skill level 1 in Fighting
  6398 | Ossuary  | Reached skill level 1 in Short Blades
  6461 | Ossuary  | Reached skill level 7 in Spellcasting
  7175 | D:5      | Found a staircase to the Ecumenical Temple.
  7191 | Temple   | Entered the Ecumenical Temple
  7265 | Temple   | Became a worshipper of Gozag Ym Sagoz the Greedy
  7293 | D:5      | Found a glowing silver altar of Zin.
  7700 | D:5      | Reached XP level 9. HP: 45/57 MP: 0/0
  7700 | D:5      | Learned a level 3 spell: Mephitic Cloud
  8208 | D:6      | Reached skill level 8 in Spellcasting
  9768 | D:7      | Reached skill level 9 in Spellcasting
 10325 | D:7      | Reached XP level 10. HP: 41/63 MP: 0/0
 10850 | D:8      | Found Ruwaoxt's Retail Resort.
 10917 | D:8      | Bought the amulet "Ataur" {rN+ Regen+ Dex-3 Stlth+} for 565
                  | gold pieces
 10962 | D:8      | Noticed a two-headed ogre
 10968 | D:8      | Killed a two-headed ogre
 10969 | D:8      | Reached skill level 10 in Spellcasting
 11159 | D:8      | Found a sparkling altar of Nemelex Xobeh.
 11911 | D:9      | Found an iron altar of Okawaru.
 12290 | D:9      | Reached skill level 11 in Spellcasting
 12514 | D:10     | Entered Level 10 of the Dungeon
 12592 | D:10     | Reached XP level 11. HP: 56/68 MP: 0/0
 12592 | D:10     | Learned a level 4 spell: Leda's Liquefaction
 12766 | D:10     | Noticed a manticore
 12770 | D:10     | Killed a manticore
 13069 | D:10     | Noticed a two-headed ogre
 13073 | D:10     | Reached skill level 12 in Spellcasting
 13075 | D:10     | Killed a two-headed ogre
 13216 | D:10     | Found a staircase to the Lair.
 13577 | D:11     | Noticed a two-headed ogre
 13583 | D:11     | Killed a two-headed ogre
 13674 | D:11     | Noticed a cyclops
 13678 | D:11     | Killed a cyclops
 13826 | D:11     | Noticed a four-headed hydra
 13839 | D:11     | Killed a four-headed hydra
 14087 | D:11     | Reached skill level 13 in Spellcasting
 14087 | D:11     | Reached XP level 12. HP: 57/74 MP: 0/0
 14426 | D:11     | Identified a scroll of acquirement
 14434 | D:11     | Acquired 636 gold pieces
 14570 | D:12     | Noticed Sonja
 14571 | D:12     | Noticed a two-headed ogre
 14572 | D:12     | Killed Sonja
 14574 | D:12     | Killed a two-headed ogre
 14681 | D:12     | Noticed an eight-headed hydra
 14685 | D:12     | Killed an eight-headed hydra
 14696 | D:12     | Reached skill level 14 in Spellcasting
 14838 | D:12     | Found a staircase to the Orcish Mines.
 14869 | D:12     | Noticed a centaur warrior
 14873 | D:12     | Killed a centaur warrior
 15014 | D:12     | Noticed a two-headed ogre
 15018 | D:12     | Killed a two-headed ogre
 15051 | D:12     | Identified the +1 helmet "Wiaq Yle" {rElec Int-2 Dex+9}
 15082 | D:12     | Found an opulent altar of Gozag.
 15169 | D:12     | You are sucked into a shaft and drop 1 floor!
 15170 | D:13     | Noticed a centaur warrior
 15170 | D:13     | Noticed a deep elf knight
 15215 | D:13     | Noticed a boulder beetle
 15236 | D:13     | Killed a boulder beetle
 15290 | D:13     | Noticed a centaur warrior
 15329 | D:13     | Killed a centaur warrior
 15373 | D:13     | Reached XP level 13. HP: 70/78 MP: 0/0
 15373 | D:13     | Learned a level 5 spell: Hydra Form
 15386 | D:13     | Noticed a seven-headed hydra
 15420 | D:13     | Noticed Urug
 15540 | D:13     | Killed Urug
 15602 | D:13     | Reached skill level 15 in Spellcasting
 15964 | Lair:1   | Entered Level 1 of the Lair of Beasts
 15998 | Lair:1   | Noticed Nergalle
 16002 | Lair:1   | Killed Nergalle
 16034 | Lair:1   | Found a gate leading to a gauntlet.
 16044 | Lair:1   | Bought a scroll of acquirement for 780 gold pieces
 16044 | Lair:1   | Bought a scroll of teleportation for 45 gold pieces
 16044 | Lair:1   | Bought a scroll of identify for 30 gold pieces
 16044 | Lair:1   | Bought a scroll of identify for 30 gold pieces
 16044 | Lair:1   | Bought a scroll of identify for 30 gold pieces
 16044 | Lair:1   | Bought a scroll of teleportation for 45 gold pieces
 16044 | Lair:1   | Bought a scroll of identify for 30 gold pieces
 16044 | Lair:1   | Bought a scroll of identify for 30 gold pieces
 16044 | Lair:1   | Bought a scroll of blinking for 112 gold pieces
 16044 | Lair:1   | Acquired 940 gold pieces
 16053 | Gauntlet | Entered a Gauntlet
 16053 | Gauntlet | Found a transporter.
 16053 | Gauntlet | Found a transporter.
 16053 | Gauntlet | Found a transporter.
 16070 | Gauntlet | Found a transporter.
 16072 | Gauntlet | Found a transporter.
 16086 | Gauntlet | Found a transporter.
 16089 | Gauntlet | Found a transporter.
 16095 | Gauntlet | Noticed a ghost crab
 16098 | Gauntlet | Found a transporter.
 16120 | Gauntlet | Found a transporter.
 16145 | Gauntlet | Found a transporter.
 16145 | Gauntlet | Noticed an anaconda
 16145 | Gauntlet | a snapping turtle changed into an anaconda
 16148 | Gauntlet | Noticed a fire dragon
 16149 | Gauntlet | Found a transporter.
 16149 | Gauntlet | a fire dragon changed into a glowing orange brain
 16155 | Gauntlet | Noticed a spark wasp
 16155 | Gauntlet | a wolf spider changed into a spark wasp
 16157 | Gauntlet | a spark wasp changed into a tyrant leech
 16165 | Gauntlet | Found a transporter.
 16236 | Gauntlet | Noticed an ettin
 16236 | Gauntlet | a tyrant leech changed into an ettin
 16240 | Gauntlet | an ettin changed into a wolf spider
 16359 | Gauntlet | Noticed an ettin
 16359 | Gauntlet | a slime creature changed into an ettin
 16362 | Gauntlet | Noticed a great orb of eyes
 16362 | Gauntlet | an ettin changed into a great orb of eyes
 16363 | Gauntlet | a great orb of eyes changed into a tyrant leech
 16369 | Gauntlet | Noticed a boulder beetle
 16369 | Gauntlet | a tyrant leech changed into a boulder beetle
 16380 | Gauntlet | Killed a ghost crab
 16550 | Gauntlet | Identified the +6 short sword of the Sixty-Six Artisans
                  | {antimagic, rC+ rCorr}
 16550 | Gauntlet | Identified the +5 arbalest "Biwonim" {freeze, rElec rPois
                  | MP-9}
 16550 | Gauntlet | Identified the +1 chain mail of Beogh's Brutal Revenge
                  | {rElec rPois Regen+ Str-5}
 16550 | Gauntlet | Noticed a minotaur
 16554 | Gauntlet | Killed a minotaur
 16563 | Gauntlet | Identified Ycruduame's Compendium of Transformation and
                  | Conjuration
 16566 | Gauntlet | Identified the +0 hat of Dawn {Str+7}
 16566 | Gauntlet | Identified Optiliq's Reference Book on the Compass
 16933 | Lair:1   | Noticed Grum
 16936 | Lair:1   | Killed Grum
 17289 | Lair:2   | Noticed a six-headed hydra
 17293 | Lair:2   | Killed a six-headed hydra
 17509 | Lair:2   | Reached skill level 16 in Spellcasting
 17572 | Lair:2   | Reached XP level 14. HP: 85/85 MP: 0/0
 18147 | Lair:3   | Reached skill level 1 in Armour
 18204 | Lair:3   | Found a staircase to the Snake Pit.
 18449 | Lair:3   | You are sucked into a shaft and drop 1 floor!
 18489 | Lair:4   | Noticed Rupert
 18862 | Lair:4   | Paralysed by Rupert for 3 turns
 18868 | Lair:4   | Paralysed by Rupert for 2 turns
 18873 | Lair:4   | Paralysed by Rupert for 7 turns
 18886 | Lair:4   | Killed Rupert
 19367 | Lair:5   | Reached skill level 17 in Spellcasting
 19369 | Lair:5   | Reached skill level 5 in Stealth
 19401 | Lair:5   | Noticed Snorg
 19405 | Lair:5   | Killed Snorg
 19525 | Lair:5   | Reached skill level 5 in Dodging
 19658 | Lair:5   | Reached XP level 15. HP: 36/92 MP: 0/0
 19658 | Lair:5   | Learned a level 6 spell: Statue Form
 20395 | Lair:6   | Entered Level 6 of the Lair of Beasts
 21154 | Lair:6   | Found a runed translucent door.
 21154 | Lair:6   | Found a viscous altar of Jiyva.
 21154 | Lair:6   | Noticed an azure jelly
 21155 | Lair:6   | Found a staircase to the Slime Pits.
 21155 | Lair:6   | Noticed an azure jelly
 21155 | Lair:6   | Noticed an azure jelly
 21356 | Lair:6   | Identified the +6 glaive of Tilidwai {spect, Fragile rElec
                  | rPois rC+ Int+3}
 21410 | Lair:6   | Reached skill level 18 in Spellcasting
 21478 | Lair:6   | Reached skill level 1 in Staves
 21480 | Lair:6   | HP: 2/119 [dire elephant simulacrum (36)]
 22225 | Lair:6   | Reached XP level 16. HP: 84/99 MP: 0/0
 22653 | Lair:3   | Found a staircase to the Swamp.
 23202 | Orc:1    | Entered Level 1 of the Orcish Mines
 23214 | Orc:1    | Paralysed by an orc sorcerer for 2 turns
 23261 | Orc:1    | Found Naafoug's Distillery.
 23271 | Orc:1    | Bought a potion of curing for 48 gold pieces
 23271 | Orc:1    | Bought a potion of curing for 48 gold pieces
 23508 | Orc:2    | Entered Level 2 of the Orcish Mines
 24047 | Orc:2    | Found a staircase to the Elven Halls.
 24159 | Orc:2    | Found Lasmoahi's Jewellery Shoppe.
 24159 | Orc:2    | Found Sadwirof's Jewellery Shop.
 24160 | Orc:2    | Found Fyuwep Sydin's Antique Weapon Shop.
 24160 | Orc:2    | Found Omozxur's Magic Scroll Emporium.
 24169 | Orc:2    | Bought a scroll of blinking for 97 gold pieces
 24169 | Orc:2    | Bought a scroll of blinking for 97 gold pieces
 24169 | Orc:2    | Bought a scroll of identify for 26 gold pieces
 24169 | Orc:2    | Bought a scroll of magic mapping for 45 gold pieces
 24169 | Orc:2    | Bought a scroll of brand weapon for 260 gold pieces
 24169 | Orc:2    | Bought a scroll of summoning for 123 gold pieces
 24169 | Orc:2    | Bought a scroll of identify for 26 gold pieces
 24727 | Swamp:1  | Entered Level 1 of the Swamp
 24775 | Swamp:1  | Reached skill level 19 in Spellcasting
 24818 | Swamp:1  | Noticed Jorgrun
 24823 | Swamp:1  | Killed Jorgrun
 25413 | Swamp:2  | Noticed a thorn hunter
 25485 | Swamp:2  | Reached XP level 17. HP: 76/103 MP: 0/0
 25485 | Swamp:2  | Learned a level 6 spell: Invisibility
 25528 | Swamp:2  | Noticed Donald
 25528 | Swamp:2  | HP: 2/103 [bog body/bolt of cold (45)]
 25528 | Swamp:2  | Slain by a bog body

Illustrated notes

Levels and vault maps discovered:
D:1:      dpeg_arrival_water_temple_mockup, layout_loops_ring,
          shapermc_ecumenical_altar_totnotflames, dk_noncrumbling_3
D:2:      layout_rooms, interstate_on_off
D:3:      layout_basic, uniq_jessica
D:4:      layout_loops_corners, uniq_eustachio
D:5:      layout_basic, zin_scriptorium, minmay_temple_entry_mist,
          serial_undead, serial_undead_f, serial_undead_f, serial_undead_e,
          serial_undead_a, enter_ossuary_2
D:6:      layout_loops_cross
D:7:      layout_loops_corners
D:8:      layout_loops_ring, nemelex_xobeh_ov_fountains_minmay,
          nicolae_alphabet_shops, nicolae_looking_at_the_future
D:9:      layout_loops_cross, gammafunk_temple_overflow_wave
D:10:     layout_long_grid, erik_lair_dragon
D:11:     layout_basic
D:12:     layout_small_grid, orc_0_dummy,
          nicolae_gozag_cash_rules_everything_around_me, uniq_sonja
D:13:     layout_roguey, minmay_parallelograms, minivault_12, uniq_urug,
          uniq_josephine
Temple:   regret_index_temple_mists
Lair:1:   layout_cave_pods, gauntlet_entry_generic, infiniplex_staircase_pool,
          uniq_grum, uniq_nergalle
Lair:2:   cheibrodos_lair_overgrown_chateau, layout_hall_layers,
          minmay_lair_oklob_chamber
Lair:3:   layout_small_grid, minmay_swamp_entry_swarm,
          guppyfry_snake_entry_garden, serial_bayou_shore_b, grunt_megastairs_4,
          lemuel_fruit_tree, infiniplex_staircase_pool_2
Lair:4:   layout_small_grid, uniq_rupert
Lair:5:   layout_cave_pods, uniq_snorg
Lair:6:   due_jungle_book, layout_cave_pods, slime_altar_2, grunt_megastairs_5
Swamp:1:  layout_basic_swamp, evilmike_swamp_ruin_house_3, uniq_jorgrun
Swamp:2:  layout_falls_marsh, hangedman_swamp_diagram, swamp_pool1,
          hangedman_swamp_ravenous, uniq_donald
Orc:1:    layout_caves, serial_shops, shop, nicolae_orc_crystal_geode
Orc:2:    st_orc_ogre_mass, layout_diamond_mine, minmay_orc_temple_b

Skill      XL: |  1  2  3  4  5  6  7  8  9 10 11 12 13 14 15 16 |
---------------+-------------------------------------------------+-----
Spellcasting   | 3 4 5 6 7 9 11 13 14 16 17 18 19 | 19.4
Stealth        | 2 3 4 5 |  5.3
Fighting       | 1 2 3 |  3.8
Short Blades   | 1 2 |  2.6
Dodging        | 3 4 5 6 |  6.8
Armour         | 2 3 |  3.8
Staves         | 3 |  3.5
Polearms       | |  0.2

Action                   |  1- 3 |  4- 6 |  7- 9 | 10-12 | 13-15 | 16-18 || total
-------------------------+-------+-------+-------+-------+-------+-------++-------
Melee: Dagger            |       |     1 |       |       |       |       ||     1
       Short sword       |       |     3 |    33 |     6 |    32 |       ||    74
       Quarterstaff      |       |       |       |       |   121 |       ||   121
       Glaive            |       |       |       |       |       |     1 ||     1
 Cast: Foxfire           |    78 |   111 |   195 |    21 |       |       ||   405
       Conjure Flame     |       |     2 |     1 |     4 |     1 |       ||     8
       Sticky Flame      |       |     4 |    16 |    11 |    62 |     6 ||    99
       Fireball          |       |       |    32 |   161 |   315 |   162 ||   670
       Mephitic Cloud    |       |       |       |     1 |     6 |       ||     7
       Leda's Liquefacti |       |       |       |     1 |     9 |       ||    10
       Statue Form       |       |       |       |       |     9 |       ||     9
Invok: Call Merchant     |       |       |       |       |     1 |       ||     1
       Potion Petition   |       |       |       |       |       |     1 ||     1
  Use: Scroll            |       |       |    12 |     8 |    19 |     3 ||    42
       Potion            |       |       |       |       |     7 |     1 ||     8
 Stab: Sleeping          |       |       |     2 |       |       |       ||     2
       Distracted        |       |       |       |       |     2 |       ||     2
Armor: Robe              |     3 |     2 |    10 |     2 |     5 |       ||    22
       Troll leather arm |       |       |       |       |    25 |     5 ||    30
       Skin              |       |       |       |       |   201 |       ||   201
Dodge: Dodged            |    10 |    16 |    49 |    15 |   263 |    15 ||   368

Table legend: (Time is in decaauts)
 A = Elapsed time spent in this place.
 B = Non-inter-level travel time spent in this place.
 C = Inter-level travel time spent in this place.
 D = Time resting spent in this place.
 E = Time spent auto-exploring this place.
 F = Levels seen in this place.
 G = Mean time per level.
                   A        B        C        D        E       F      G
               +--------+--------+--------+--------+--------+-----+--------+
         Total |  25872 |  24327 |   1545 |    998 |  19563 |  26 |  995.1 |
       Dungeon |  15007 |  14120 |    887 |    432 |  11970 |  13 | 1154.4 |
        Temple |     83 |     74 |      9 |      0 |     66 |   1 |   83.0 |
          Lair |   6962 |   6512 |    450 |    329 |   4927 |   6 | 1160.3 |
         Swamp |    790 |    724 |     66 |     38 |    518 |   2 |  395.0 |
  Orcish Mines |   1312 |   1180 |    132 |     24 |    863 |   2 |  656.0 |
       Ossuary |   1146 |   1146 |      0 |      0 |    962 |   1 | 1146.0 |
      Gauntlet |    570 |    570 |      0 |    174 |    256 |   1 |  570.0 |
               +--------+--------+--------+--------+--------+-----+--------+

Top non-repeatable levels by time:
  Lair:6: 2060 daAuts
     D:7: 1473 daAuts
     D:1: 1471 daAuts
    D:10: 1342 daAuts
     D:6: 1339 daAuts
  Lair:5: 1332 daAuts
     D:2: 1329 daAuts
     D:4: 1328 daAuts
     D:3: 1318 daAuts
     D:5: 1285 daAuts
 Ossuary: 1146 daAuts
    D:11: 950 daAuts
     D:8: 949 daAuts
  Lair:3: 944 daAuts
  Lair:4: 920 daAuts
